 Dungeon Crawl Stone Soup version 0.25-b1-23-ge2ad7d536c (webtiles) character file.

Game seed: 11901439025233906039, levelgen mode: deterministic

724 SlimyGoodra the Gusty (level 7, 0/52 HPs)
             Began as a White Draconian Air Elementalist on May 28, 2020.
             Slain by Prince Ribbit (8 damage)
             ... on level 5 of the Dungeon.
             The game lasted 00:34:18 (4115 turns).

SlimyGoodra the Gusty (DrAE)                        Turns: 4115, Time: 00:34:19

Health: 0/52       AC:  6    Str: 10    XL:     7   Next: 43%
Magic:  11/13      EV: 12    Int: 17    God:
Gold:   297        SH:  0    Dex: 12    Spells: 6/14 levels left

rFire    . . .     SeeInvis .   a - +2 dagger (venom)
rCold    + . .     Gourm    .   (no shield)
rNeg     + . .     Faith    .   (armour unavailable)
rPois    .         Spirit   .   (helmet restricted)
rElec    .         Reflect  .   (no cloak)
rCorr    .         Harm     .   (no gloves)
MR       .....                  (no boots)
Stlth    ++........             (no amulet)
HPRegen  0.17/turn              p - ring of positive energy
MPRegen  0.13/turn              (no ring)

@: no status effects
A: breathe frost, unfitting armour, cold resistance 1, cold-blooded, AC +6
a: Breathe Frost


You were on level 5 of the Dungeon.
You were not hungry.

You visited 1 branch of the dungeon, and saw 5 of its levels.

You collected 297 gold pieces.

Inventory:

Hand Weapons
 a - a +2 dagger of venom (weapon)
 j - a cursed -1 hand axe
 m - a +0 short sword
Missiles
 h - 56 bolts
 i - 103 arrows
 l - 239 stones (quivered)
Armour
 u - a +0 robe
Jewellery
 p - a ring of positive energy (left hand)
Wands
 g - a wand of iceblast (13)
Scrolls
 c - a scroll of enchant armour {unknown}
 d - 2 scrolls of remove curse
 e - a scroll of fear {unknown}
 f - a scroll of identify
 o - 3 scrolls of enchant weapon
 q - 2 scrolls of fog
 r - 2 scrolls of teleportation {unknown}
 s - a scroll of amnesia
 w - a scroll of noise {unknown}
Potions
 k - a potion of might {unknown}
 n - a potion of stabbing
 t - a potion of heal wounds
 v - a potion of curing
Comestibles
 b - 3 rations


   Skills:
 + Level 1.2 Fighting
 * Level 2.7 Short Blades
 + Level 0.6 Throwing
 + Level 2.4 Dodging
 + Level 2.6 Stealth
 * Level 4.4 Spellcasting
 + Level 2.5 Conjurations
 + Level 0.2 Charms
 * Level 5.3 Air Magic


You had 6 spell levels left.
You knew the following spells:

 Your Spells              Type           Power        Failure   Level  Hunger
a - Shock                 Conj/Air       ###.         3%          1    None
b - Lightning Bolt        Conj/Air       ###.......   63%         5    ######.
c - Swiftness             Chrm/Air       ##......     7%          2    ##.....

Your spell library contained the following spells:

 Spells                   Type           Power        Failure   Level  Hunger
 Static Discharge         Conj/Air       ###.....     9%          3    ###....
 Airstrike                Air            ###.......   17%         4    ####...


Dungeon Overview and Level Annotations

Branches:
Dungeon (5/15)
 Temple: D:4-7

Altars:
Okawaru

Annotations:
D:5 Prince Ribbit


Innate Abilities, Weirdness & Mutations

You can breathe waves of freezing cold.
You can buffet flying creatures when you breathe cold.
Your icy white scales are hard. (AC +6)
You cannot fit into any form of body armour.
Your flesh is cold resistant. (rC+)
You are cold-blooded and may be slowed by cold attacks.


Message History

Prince Ribbit is lightly wounded.
Casting: Shock (safe; 3% risk of failure)
Confirm with . or Enter, or press ? or * to list all spells.
Aiming: Shock (safe; 3% risk of failure)
Press: ? - help, Shift-Dir - straight line, f/p - Prince Ribbit
Aim: Prince Ribbit (lightly wounded)
The zap hits Prince Ribbit.
Prince Ribbit is moderately wounded.
You barely miss Prince Ribbit.
Prince Ribbit is moderately wounded.
Prince Ribbit completely misses you.
You closely miss Prince Ribbit.
Prince Ribbit is moderately wounded.
Prince Ribbit hits you!
* * * LOW HITPOINT WARNING * * *
Prince Ribbit blinks!
You barely miss Prince Ribbit.
Prince Ribbit is moderately wounded.
Prince Ribbit hits you!
You die...

#####..#####?#
#.
#...p(.%.....#
#p
#p####....p..#
#p #.#
#.#####.# ##
#.# #p#####.#
# #.#
#.......#####
#ยง#
#.####.......
#.# #.#
##...... #@#
#........####
#F# #######?##
#.. ..># ####
#####


You could see Prince Ribbit and a neutral freed slave (wandering).

Vanquished Creatures
  Pikel (D:5)
  2 slaves (D:5)
  A scorpion (D:4)
  A howler monkey (D:4)
  A hound (D:4)
  An orc wizard (D:2)
  An iguana (D:5)
  6 adders
  An ooze (D:1)
  An adder skeleton (D:4)
  4 worms
  A dart slug (D:2)
  3 orcs (D:2)
  3 ball pythons (D:2)
  3 giant cockroaches
  5 goblins
  6 hobgoblins
  4 jackals (D:2)
  4 kobolds
  8 bats
  A frilled lizard (D:2)
  4 rats (D:2)
62 creatures vanquished.

Notes
Turn   | Place    | Note
-------+----------+-------------------------------------------
     0 | D:1      | SlimyGoodra the Draconian Air Elementalist began the quest
                  | for the Orb.
     0 | D:1      | Reached XP level 1. HP: 14/14 MP: 3/3
   450 | D:1      | Reached XP level 2. HP: 18/20 MP: 0/5
   978 | D:1      | You fall into a shaft and drop 1 floor!
  1260 | D:2      | Reached XP level 3. HP: 26/26 MP: 1/6
  1280 | D:2      | Found a faded altar of an unknown god.
  1319 | D:2      | Reached skill level 1 in Short Blades
  1825 | D:2      | Reached XP level 4. HP: 33/33 MP: 3/7
  1874 | D:2      | Found an iron altar of Okawaru.
  1942 | D:2      | Reached skill level 4 in Air Magic
  2826 | D:3      | Noticed a phantom
  3327 | D:4      | Reached XP level 5. HP: 14/39 MP: 3/9
  3700 | D:4      | Learned a level 5 spell: Lightning Bolt
  3707 | D:4      | Learned a level 2 spell: Swiftness
  3819 | D:4      | Reached XP level 6. HP: 38/46 MP: 3/10
  3946 | D:5      | Entered Level 5 of the Dungeon
  3993 | D:5      | Noticed a slave
  3993 | D:5      | Noticed a slave
  3994 | D:5      | Noticed Prince Ribbit
  3996 | D:5      | Noticed a slave
  3996 | D:5      | Noticed a slave
  3998 | D:5      | Noticed Pikel
  4006 | D:5      | Killed a slave
  4043 | D:5      | Killed a slave
  4061 | D:5      | Killed Pikel
  4061 | D:5      | Reached skill level 1 in Fighting
  4061 | D:5      | Reached skill level 5 in Air Magic
  4061 | D:5      | Your scales start taking on an icy white colour.
  4061 | D:5      | Reached XP level 7. HP: 9/52 MP: 6/13
  4061 | D:5      | Gained mutation: Your flesh is cold resistant. (rC+) [White
                  | Draconian growth]
  4115 | D:5      | Slain by Prince Ribbit

Illustrated notes

Levels and vault maps discovered:
D:1:      elethiomel_arrival_shortcut, layout_loops_cross, wad_floor_pattern_2,
          feat_on_display
D:2:      layout_loops_cross, kennysheep_okawaru_gauntlet,
          chequers_ecumenical_altar_simple, first_ration
D:3:      layout_loops_ring, grunt_temple_overflow_diamond
D:4:      kennysheep_six_static_rooms, layout_basic, kennysheep_generic_room_10
D:5:      layout_loops_ring, minmay_temple_entry_drinking_statues,
          gup_ossuary_entry_pyramid, uniq_prince_ribbit1, uniq_pikel

Skill      XL: |  1  2  3  4  5  6 |
---------------+-------------------+-----
Dodging        | 2 |  2.4
Short Blades   | 1 2 |  2.7
Air Magic      | 4 5 |  5.3
Stealth        | 2 |  2.6
Spellcasting   | 3 4 |  4.4
Conjurations   | 2 |  2.5
Fighting       | 1 |  1.2
Throwing       | |  0.6
Charms         | |  0.2

Action                   |  1- 3 |  4- 6 |  7- 9 || total
-------------------------+-------+-------+-------++-------
Melee: Unarmed           |    12 |       |       ||    12
       Dagger            |    32 |    59 |     3 ||    94
       Tailslap          |     8 |     3 |       ||    11
Throw: Stone             |    32 |       |       ||    32
 Cast: Shock             |    62 |    88 |     2 ||   152
       Swiftness         |       |     2 |       ||     2
  Use: Scroll            |       |     6 |       ||     6
       Potion            |       |     8 |       ||     8
 Stab: Sleeping          |     1 |       |       ||     1
  Eat: Ration            |     1 |     1 |       ||     2
       Chunk             |     1 |     4 |       ||     5
Armor: Skin              |    43 |    17 |       ||    60
Dodge: Dodged            |    57 |    36 |     1 ||    94
